woodfighter, neutral female human Healer # --.-- |...| |..>)# |...|##)##[##[#)#########################` -----# -Y-+-- # ----- --@...| ######%### # ##-...+## #-.....| ----------|--- # # |...| ###|%f...| |.....)..{...| ## ### |.<.| ###|.....)# |.*..........| #---------------- # |...+#` #......%% ### |............| #...............| ### ----- -.--.--# --.-- ##.............| |........(.....| # # # ### |...| # -------------- |...............## # |...| ### |..............| ###|...| # ---------------- [-....#### |..(| ----- woodfighter the Embalmer Experience level: 6 Strength: 12 Dexterity: 9 Constitution: 17 Intelligence: 9 Wisdom: 19 Charisma: 16 Health: 0(47) Energy: 50(55) Def: 2 Gold: 37 Moves: 3488 Dungeon seed: 9CoqpU-JSYUm6Esn Game ID: woodfighter_1508696769 Your Inventory: Coins $ - 37 gold pieces Amulets z - an uncursed amulet versus poison Weapons a - a +0 scalpel (weapon in hand) K - 4 +0 darts (in quiver) Armor e - an uncursed +1 pair of leather gloves (being worn) n - an uncursed +0 dwarvish cloak Comestibles k - 7 blessed eucalyptus leaves l - a blessed sprig of wolfsbane o - 5 uncursed apples Rings C - a cursed ring of polymorph Wands g - a wand of sleep (0:8) t - a wand of striking (0:6) x - a wand of light (0:14) A - a wand of cold (0:4) D - a wand of striking (0:0) Tools b - an uncursed stethoscope s - an uncursed bag of holding y - an uncursed lock pick E - a +0 pick-axe H - an uncursed towel Contents of the bag of holding: 3751 gold pieces a [uncursed] scroll of earth 2 [uncursed] scrolls of identify a [uncursed] scroll of light 2 [uncursed] scrolls of scare monster 3 [uncursed] scrolls of scare monster a [uncursed] scroll of teleportation a [uncursed] spellbook of cone of cold a [uncursed] spellbook of haste self a [uncursed] spellbook of knock a [uncursed] potion of acid 4 uncursed potions of extra healing a blessed potion of healing 2 uncursed potions of healing a [blessed] potion of levitation a [uncursed] potion of paralysis a [uncursed] potion of restore ability a [uncursed] potion of sickness a [cursed] [-1] ring of increase damage Spells and supernatural/magical abilities: Name Level Category Fail Memory h - healing 1 healing 8% 83% x - extra healing 3 healing 28% 83% S - stone to flesh 3 healing 42% 83% W - pray for help -- divine ? -- Your skills at the end: Miscellaneous Skills wands [Basic] Weapon Skills knife [Basic] Spellcasting Skills healing spells [Basic] Final Attributes: You were devoutly aligned. You were fire resistant. You were poison resistant. You were very stealthy. You were held by an owlbear. You are dead. Vanquished creatures: a tengu a dwarf lord an imp a rock mole a pony a fog cloud a shrieker a gray ooze a giant ant a floating eye 5 iguanas 4 hill orcs a jitterbug 3 killer bees a coyote a gas spore a hobbit a large kobold 2 geckos 2 brown molds a yellow mold a red mold 3 gnomes 3 garter snakes 4 jackals a fox a kobold 9 newts 8 goblins 2 sewer rats 2 grid bugs 7 lichens a kobold zombie 74 creatures vanquished. Voluntary challenges: You did not adorn yourself with jewelry or accessories. You did not cause conflict. You were not invisible. You did not have reflection. You were not displaced. You were an atheist. You used a wielded weapon 244 times, starting on turn 8. You did not apply a unicorn horn. You did not use plumbed fixtures. You did not drink any magical draughts. You were illiterate. You never genocided any monsters. You never polymorphed an object. You never changed form. You used no wishes. You never split a pudding. You never wrote Elbereth's name. You never violated your personal moral code. Dungeon overview: The Dungeons of Doom: levels 1 to 9 Level 1 ( ) a long staircase Level 2 a hardware shop stairs to The Gnomish Mines Level 3 Level 4 Level 5 some fountains Level 6 a fountain Level 7 a fountain Level 8 (vault) <- You were here a fountain Level 9 The Gnomish Mines: Level 3 stairs to The Dungeons of Doom History has recorded: On T:1 you entered the Dungeons of Doom to retrieve the Amulet of Yendor! On T:285 you advanced to experience level 2. On T:402 you reached level 2 of The Dungeons of Doom. On T:451 you reached level 1 of The Gnomish Mines. On T:715 you reached level 3 of The Dungeons of Doom. On T:811 you advanced to experience level 3. On T:1079 you reached level 4 of The Dungeons of Doom. On T:1389 you advanced to experience level 4. On T:1671 you reached level 5 of The Dungeons of Doom. On T:2010 you reached level 6 of The Dungeons of Doom. On T:2447 you advanced to experience level 5. On T:2483 you reached level 7 of The Dungeons of Doom. On T:2603 you reached level 8 of The Dungeons of Doom. On T:3125 you reached level 9 of The Dungeons of Doom. On T:3156 you advanced to experience level 6. Score breakdown: Gold: 1809 ( 180 points) Experience: 6 levels ( 500 points) Exploration: 9 levels ( 240 points) Discoveries: 23 items ( 1150 points) Variety of kills: 33 monsters ( 1650 points) Major goal: (nothing yet) ( 0 points) Survival: died (score multiplied by 3) Total score: 11160 Latest messages: You kill the rock mole! You are hit by a crude dagger. There is a doorway here. You see here a rock mole corpse. There are a few objects here. You displace kitty. There is a doorway here. You see here a rock mole corpse. Something is hit. The goblin just misses! You hack the goblin. The goblin is moderately wounded. You hack the goblin. The goblin is heavily wounded. The goblin misses. You kill the goblin! You hack the owlbear. The owlbear is lightly wounded. The owlbear punches you! (2x) The owlbear grabs you! Kitty drops a tripe ration. You feel better. The owlbear punches you! (2x) You are being crushed. You die... Final status: Goodbye woodfighter the Healer, killed by an owlbear... You died in The Dungeons of Doom on dungeon level 8 with 11160 points, and 3788 pieces of gold, after 3488 moves. You were level 6 with a maximum of 47 hit points when you died.